 Dungeon Crawl Stone Soup version 0.24.0-7-gb3623d2c88 (webtiles) character file.

Game seed: 701668100462804432, levelgen mode: deterministic

459 FishyPogo the Charmwright (level 7, -3/56 HPs)
             Began as a Gnoll Skald on Nov 1, 2019.
             Was a Follower of Dithmenos.
             Slain by a wight
             ... wielding a +5 battleaxe of freezing
              (6 damage)
             ... on level 4 of the Dungeon on Nov 2, 2019.
             The game lasted 00:13:09 (3128 turns).

FishyPogo the Charmwright (Gnoll Skald)             Turns: 3128, Time: 00:13:11

Health: -3/56      AC:  6    Str: 13    XL:     7   Next: 6%
Magic:  6/15       EV: 14    Int: 15    God:    Dithmenos [*.....]
Gold:   110        SH:  0    Dex: 17    Spells: 9/16 levels left

rFire    . . .     SeeInvis .   a - +2 dagger (venom)
rCold    . . .     Gourm    .   (no shield)
rNeg     . . .     Faith    .   b - +0 leather armour
rPois    .         Spirit   .   e - +1 helmet
rElec    .         Reflect  .   (no cloak)
rCorr    .         Harm     .   j - +0 pair of gloves
MR       +....                  (no boots)
Stlth    ++........             (no amulet)
HPRegen  0.18/turn              w - ring of wizardry
MPRegen  0.14/turn              x - ring of protection from magic

@: wreathed by umbra, lightly drained
A: distributed training, fangs 1, strong nose
a: Renounce Religion


You were on level 4 of the Dungeon.
You worshipped Dithmenos.
Dithmenos was aware of your devotion.
You were not hungry.

You visited 1 branch of the dungeon, and saw 4 of its levels.

You collected 110 gold pieces.

Inventory:

Hand Weapons
 a - a +2 dagger of venom (weapon)
 u - a +0 spear
Missiles
 c - 101 stones (quivered)
 h - 7 javelins
 i - 14 poisoned darts
 o - a throwing net
Armour
 b - a +0 leather armour (worn)
 e - a +1 helmet (worn)
 j - a +0 pair of gloves (worn)
Jewellery
 t - an uncursed ring of protection from fire
 w - a ring of wizardry (left hand)
 x - a ring of protection from magic (right hand)
Wands
 p - a wand of digging (2)
 v - a wand of scattershot (2)
Scrolls
 g - 4 scrolls of teleportation {unknown}
 l - 3 scrolls of magic mapping {unknown}
 n - a scroll of enchant armour {unknown}
 s - 2 scrolls of identify {unknown}
 y - a scroll of remove curse {unknown}
Potions
 f - a potion of heal wounds
 k - 2 potions of magic {unknown}
 m - a potion of lignification
 q - a potion of resistance {unknown}
 r - a potion of berserk rage {unknown}
 A - a potion of curing {unknown}
Comestibles
 d - 6 rations
 z - 2 chunks of flesh


   Skills:
 + Level 5.1(4.7) Fighting
 + Level 2.2(1.8) Short Blades
 + Level 2.2(1.8) Long Blades
 + Level 2.2(1.8) Axes
 + Level 2.2(1.8) Maces & Flails
 + Level 5.1(4.7) Polearms
 + Level 2.2(1.8) Staves
 + Level 2.2(1.8) Slings
 + Level 2.2(1.8) Bows
 + Level 2.2(1.8) Crossbows
 + Level 2.2(1.8) Throwing
 + Level 3.4(3.0) Armour
 + Level 5.1(4.7) Dodging
 + Level 2.2(1.8) Stealth
 + Level 2.2(1.8) Shields
 + Level 2.2(1.8) Unarmed Combat
 + Level 5.4(5.1) Spellcasting
 + Level 1.7(1.4) Conjurations
 + Level 1.7(1.4) Hexes
 + Level 5.7(5.4) Charms
 + Level 1.7(1.4) Summonings
 + Level 1.7(1.4) Necromancy
 + Level 1.7(1.4) Translocations
 + Level 1.7(1.4) Transmutations
 + Level 1.7(1.4) Fire Magic
 + Level 1.7(1.4) Ice Magic
 + Level 1.7(1.4) Air Magic
 + Level 1.7(1.4) Earth Magic
 + Level 1.7(1.4) Poison Magic
 + Level 2.4(2.1) Invocations
 + Level 2.2(1.8) Evocations


You had 9 spell levels left.
You knew the following spells:

 Your Spells              Type           Power        Failure   Level  Hunger
a - Infusion              Chrm           ###.         1%          1    None
b - Spectral Weapon       Hex/Chrm       ##......     6%          3    ###....
c - Regeneration          Chrm/Necr      ##........   6%          3    ###....

Your spell library contained the following spells:

 Spells                   Type           Power        Failure   Level  Hunger
 Song of Slaying          Chrm           ###.....     1%          2    ##.....
 Shroud of Golubria       Chrm/Tloc      ##....       3%          2    ##.....


Dungeon Overview and Level Annotations

Branches:
Dungeon (4/15)
 Temple: D:4-7

Altars:
Dithmenos
Vehumet


Innate Abilities, Weirdness & Mutations

Your experience applies equally to all skills.
You have very sharp teeth.
Your uncanny sense of smell can sniff out nearby items.


Message History

The wight is severely damaged.
Your spectral weapon closely misses the wight.
The wight barely misses you.
The wight hits you with a +4 great sword!
You feel drained.
You hit the wight but do no damage.
The wight is severely damaged.
Your spectral weapon hits the wight but does no damage.
The wight misses your spectral weapon.
You closely miss the wight.
The wight is severely damaged.
Your spectral weapon hits the wight.
The wight closely misses you.
The wight barely misses your spectral weapon.
You barely miss the wight.
The wight is severely damaged.
Your spectral weapon hits the wight.
The wight hits you with a +5 battleaxe of freezing!
* * * LOW HITPOINT WARNING * * *
The wight freezes you.
You die...

.. #.# #.#.# ......
#.#####.#.#
......###.......#.#
... ...........#####
... ###.####..#####
.... ##.....##......#
.....#.......#..###.#
......#.z(....#..#
......(.z@_$.....#
.....(#.z.....#..#
..... #.......#..#
......##..)..##..#
......####)####..#
.........)).....##
.......)..)..####
.....$.......#
.............#


You could see 3 wights and a friendly spectral +2 dagger of venom.

Vanquished Creatures
  Grinder (D:3)
  An orc priest (D:4)
  3 orc wizards (D:4)
  Ijyb (D:3)
  A worker ant (D:4)
  An adder (D:2)
  A dart slug (D:2)
  A leopard gecko (D:3)
  7 orcs
  4 bats
  2 giant cockroaches (D:2)
  6 goblins
  8 hobgoblins
  12 jackals
  3 frilled lizards
  12 kobolds
  A leopard gecko skeleton (D:4)
  A quokka skeleton (D:4)
  11 rats
77 creatures vanquished.

Notes
Turn   | Place    | Note
-------+----------+-------------------------------------------
     0 | D:1      | FishyPogo the Gnoll Skald began the quest for the Orb.
     0 | D:1      | Reached XP level 1. HP: 20/20 MP: 6/6
   113 | D:1      | Reached XP level 2. HP: 22/26 MP: 7/7
   370 | D:1      | Reached XP level 3. HP: 21/31 MP: 9/9
   416 | D:1      | Reached skill level 5 in Spellcasting
   433 | D:1      | Upgraded the game from 0.24.0-3-g28a8eb0610 to
                  | 0.24.0-7-gb3623d2c88
  1019 | D:2      | Reached skill level 1 in Invocations
  1024 | D:2      | Learned a level 3 spell: Spectral Weapon
  1266 | D:2      | Reached skill level 1 in Short Blades
  1266 | D:2      | Reached skill level 1 in Long Blades
  1266 | D:2      | Reached skill level 1 in Axes
  1266 | D:2      | Reached skill level 1 in Maces & Flails
  1266 | D:2      | Reached skill level 1 in Staves
  1266 | D:2      | Reached skill level 1 in Slings
  1266 | D:2      | Reached skill level 1 in Bows
  1266 | D:2      | Reached skill level 1 in Crossbows
  1266 | D:2      | Reached skill level 1 in Throwing
  1266 | D:2      | Reached skill level 1 in Stealth
  1266 | D:2      | Reached skill level 1 in Shields
  1266 | D:2      | Reached skill level 1 in Unarmed Combat
  1266 | D:2      | Reached skill level 1 in Evocations
  1459 | D:2      | Reached XP level 4. HP: 37/38 MP: 4/11
  1473 | D:2      | Found a shadowy altar of Dithmenos.
  1478 | D:2      | Became a worshipper of Dithmenos the Shadowed
  2236 | D:3      | Noticed Ijyb
  2287 | D:3      | Learned a level 3 spell: Regeneration
  2369 | D:3      | Killed Ijyb
  2369 | D:3      | Reached skill level 1 in Conjurations
  2369 | D:3      | Reached skill level 1 in Hexes
  2369 | D:3      | Reached skill level 1 in Summonings
  2369 | D:3      | Reached skill level 1 in Necromancy
  2369 | D:3      | Reached skill level 1 in Translocations
  2369 | D:3      | Reached skill level 1 in Transmutations
  2369 | D:3      | Reached skill level 1 in Fire Magic
  2369 | D:3      | Reached skill level 1 in Ice Magic
  2369 | D:3      | Reached skill level 1 in Air Magic
  2369 | D:3      | Reached skill level 1 in Earth Magic
  2369 | D:3      | Reached skill level 1 in Poison Magic
  2589 | D:3      | Noticed Grinder
  2593 | D:3      | Paralysed by Grinder for 7 turns
  2628 | D:3      | Killed Grinder
  2628 | D:3      | Reached skill level 5 in Fighting
  2628 | D:3      | Reached skill level 5 in Polearms
  2628 | D:3      | Reached skill level 5 in Dodging
  2628 | D:3      | Reached XP level 5. HP: 36/44 MP: 6/12
  2628 | D:3      | Reached XP level 6. HP: 42/51 MP: 7/14
  3061 | D:4      | Found a radiant altar of Vehumet.
  3072 | D:4      | Reached * piety under Dithmenos
  3101 | D:4      | Reached XP level 7. HP: 29/56 MP: 5/15
  3128 | D:4      | Slain by a wight

Levels and vault maps discovered:
D:1:      minmay_arrival_shattered_statue, layout_basic, serial_aquarium,
          aquarium_bridge_long_joined [aquarium_subvault_window,
          aquarium_subvault_balcony, aquarium_subvault_window,
          aquarium_subvault_bridge, aquarium_subvault_bridge,
          aquarium_subvault_bridge], aquarium_window_1, aquarium_window_1,
          aquarium_view_2f, aquarium_balcony_3b
D:2:      layout_basic, lemuel_doored_altar
D:3:      layout_basic, uniq_ijyb, uniq_grinder
D:4:      layout_basic, kennysheep_vampire_church, old_standard_altar,
          first_ration, uniq_pikel, uniq_sigmund, uniq_blork_the_orc

Skill      XL: |  1  2  3  4  5  6 |
---------------+-------------------+-----
Spellcasting   | 5 |  5.4
Invocations    | 1 2 |  2.4
Short Blades   | 1 2 |  2.2
Long Blades    | 1 2 |  2.2
Axes           | 1 2 |  2.2
Maces & Flails | 1 2 |  2.2
Staves         | 1 2 |  2.2
Slings         | 1 2 |  2.2
Bows           | 1 2 |  2.2
Crossbows      | 1 2 |  2.2
Throwing       | 1 2 |  2.2
Stealth        | 1 2 |  2.2
Shields        | 1 2 |  2.2
Unarmed Combat | 1 2 |  2.2
Evocations     | 1 2 |  2.2
Conjurations   | 1 |  1.7
Hexes          | 1 |  1.7
Summonings     | 1 |  1.7
Necromancy     | 1 |  1.7
Translocations | 1 |  1.7
Transmutations | 1 |  1.7
Fire Magic     | 1 |  1.7
Ice Magic      | 1 |  1.7
Air Magic      | 1 |  1.7
Earth Magic    | 1 |  1.7
Poison Magic   | 1 |  1.7
Fighting       | 5 |  5.1
Polearms       | 5 |  5.1
Armour         | 3 |  3.4
Dodging        | 5 |  5.1
Charms         | |  5.7

Action                   |  1- 3 |  4- 6 |  7- 9 || total
-------------------------+-------+-------+-------++-------
Melee: Spear             |   154 |    73 |       ||   227
       Bite              |     7 |    11 |       ||    18
       Dagger            |       |    47 |     6 ||    53
       Punch             |       |     3 |       ||     3
Throw: Stone             |       |    13 |     2 ||    15
 Cast: Infusion          |     5 |     3 |       ||     8
       Spectral Weapon   |     1 |    10 |     1 ||    12
       Regeneration      |       |     1 |       ||     1
  Use: Potion            |       |     3 |       ||     3
 Stab: Sleeping          |     2 |       |       ||     2
  Eat: Chunk             |     2 |     6 |       ||     8
Armor: Leather armour    |    23 |    23 |       ||    46
       Skin              |       |     5 |       ||     5
Dodge: Dodged            |    87 |    66 |     4 ||   157
